[Event "Titled Tuesday Blitz June 13 Late 2023"]
[White "Quinones Garcia, Santiago"]
[Black "Yurasova, Daria"]
[WhiteFideId "4408497"]
[BlackFideId "34146919"]
[WhiteElo "2173"]
[BlackElo "2109"]
[Result "1/2-1/2"]
[Round "10"]
[TimeControl "180+2"]
[Date "2023.06.13"]
[WhiteClock "0:00:54"]
[BlackClock "0:00:03"]
[Board "82"]

1. d4 d5 2. c4 dxc4 3. Nf3 Nf6 4. e3 e6 5. Bxc4 a6 6. a4 Nc6 7. O-O Be7 8. Qe2 O-O 9. Rd1 Nb4 10. Nc3 Bd7 11. e4 Bc6 12. Bf4 h6 13. Rd2 b5 14. axb5 axb5 15. Rxa8 Qxa8 16. Bxb5 Bxb5 17. Qxb5 Nxe4 18. Nxe4 Qxe4 19. Bxc7 Ra8 20. h3 Nd5 21. Bg3 Ra1+ 22. Kh2 Qb1 23. Bb8 Qc1 24. Qe8+ Kh7 25. Qxf7 Bh4 26. Nxh4 Qxd2 27. Qg6+ Kh8 28. Qxe6 Nf6 29. Be5 Qxf2 30. Nf5 Qg1+ 31. Kg3 Qe1+ 32. Kh2 Qg1+ 33. Kg3 Qe1+ 34. Kh2 Qh1+ 35. Kg3 Qe1+ 1/2-1/2


[Site "https://www.chess.com"]

[Event "Titled Tuesday Blitz June 13 Late 2023"]
[White "Ai, Evan"]
[Black "Zhou, Qiyu"]
[WhiteFideId "2094770"]
[BlackFideId "505161"]
[WhiteElo "1963"]
[BlackElo "2101"]
[Result "0-1"]
[Round "10"]
[TimeControl "180+2"]
[Date "2023.06.13"]
[WhiteClock "0:00:04"]
[BlackClock "0:00:01"]
[Board "83"]

1. e4 e5 2. Nf3 Nc6 3. Bc4 Bc5 4. c3 Nf6 5. d3 a6 6. b4 Ba7 7. a4 d6 8. O-O O-O 9. h3 h6 10. Nbd2 Be6 11. Re1 Nh7 12. Bxe6 fxe6 13. b5 axb5 14. axb5 Ne7 15. Nc4 Bxf2+ 16. Kxf2 Rxa1 17. Qb3 Ra8 18. b6 c6 19. Ba3 Nc8 20. Nxd6 Nxd6 21. Qxe6+ Nf7 22. Bxf8 Nxf8 23. Qb3 Qf6 24. Kg1 Kh7 25. Rf1 Qe6 26. Qb4 Nd7 27. Nd2 Ra2 28. Nc4 Qg6 29. Rf2 Rxf2 30. Kxf2 Qf6+ 31. Kg1 Ng5 32. Na5 c5 33. Qb5 Nxb6 34. Nxb7 Qg6 35. Qxc5 Nxh3+ 36. Kh2 Nf4 37. Qxe5 Qxg2# 0-1


[Site "https://www.chess.com"]

[Event "Titled Tuesday Blitz June 13 Late 2023"]
[White "Erzhanov, Arman"]
[Black "Omariev, Maksim"]
[WhiteFideId "4138821"]
[BlackFideId "4193423"]
[WhiteElo "2138"]
[BlackElo "2359"]
[Result "0-1"]
[Round "10"]
[TimeControl "180+2"]
[Date "2023.06.13"]
[WhiteClock "0:00:00"]
[BlackClock "0:00:04"]
[Board "84"]

1. e4 c5 2. Nf3 d6 3. d4 cxd4 4. Qxd4 a6 5. Be2 Nc6 6. Qe3 g6 7. h3 Bg7 8. O-O Nf6 9. Rd1 O-O 10. c4 Nd7 11. Nc3 b6 12. b3 Bb7 13. Bb2 Rc8 14. Rd2 Re8 15. Rad1 Nc5 16. Nd5 Bxb2 17. Rxb2 e6 18. Nc3 Qe7 19. Rbd2 Red8 20. Qh6 Ne5 21. Nd4 Nxe4 22. Nxe4 Bxe4 23. Qe3 Bb7 24. a4 Nd7 25. Nf3 Nc5 26. Rb1 d5 27. cxd5 Rxd5 28. Rxd5 Bxd5 29. Bd1 Qb7 30. b4 Ne4 31. Qh6 Nc3 32. Ng5 f6 33. Rc1 Ne2+ 34. Bxe2 Rxc1+ 35. Kh2 fxg5 36. Qxg5 Qc7+ 37. f4 Rc2 38. Bf1 Rc3 39. Qf6 Rc2 40. h4 Rf2 41. Kg1 Rxf4 42. Qg5 Rf5 43. Qe3 a5 44. b5 Qc5 45. Qxc5 bxc5 46. Bd3 Rf4 47. Bc2 Rxh4 48. Kf2 Rb4 49. Ke3 Kf7 50. Kd2 Ke7 51. Kc3 Kd6 52. g4 Kc7 53. g5 Rg4 0-1


[Site "https://www.chess.com"]

[Event "Titled Tuesday Blitz June 13 Late 2023"]
[White "Zavortink, Matt"]
[Black "Matsuura, Frederico"]
[WhiteFideId "2034263"]
[BlackFideId "2107848"]
[WhiteElo "2473"]
[BlackElo "2302"]
[Result "1-0"]
[Round "10"]
[TimeControl "180+2"]
[Date "2023.06.13"]
[WhiteClock "0:00:24"]
[BlackClock "0:00:00"]
[Board "85"]

1. d4 e6 2. Bf4 c5 3. e3 Qb6 4. Nc3 Nf6 5. Rb1 cxd4 6. exd4 Bb4 7. Nf3 O-O 8. Bd3 Nd5 9. Bd2 Qa5 10. O-O Nxc3 11. bxc3 Be7 12. Rb5 Qc7 13. Rh5 g6 14. Rh3 d6 15. Bg5 e5 16. Rh4 Re8 17. Bxe7 Qxe7 18. Qd2 Nd7 19. Qh6 Nf8 20. Ng5 f6 21. Bc4+ Be6 22. Nxe6 Nxe6 23. Bxe6+ Qxe6 24. Qxh7+ Kf8 25. Qxg6 Ke7 26. dxe5 dxe5 27. Rd1 Qg8 28. Rh7+ Ke6 29. Qe4 1-0


[Site "https://www.chess.com"]

[Event "Titled Tuesday Blitz June 13 Late 2023"]
[White "Papayan, Oleg"]
[Black "Zhukov, Maksim"]
[WhiteFideId "4193911"]
[BlackFideId "34181790"]
[WhiteElo "2167"]
[BlackElo "1925"]
[Result "0-1"]
[Round "10"]
[TimeControl "180+2"]
[Date "2023.06.13"]
[WhiteClock "0:00:00"]
[BlackClock "0:00:28"]
[Board "86"]

1. e4 c5 2. d4 cxd4 3. Qxd4 Nc6 4. Qd3 d6 5. Nc3 Nf6 6. Nf3 g6 7. Be2 Bg7 8. O-O O-O 9. Nd5 a6 10. c3 b5 11. Bg5 Nxd5 12. exd5 Ne5 13. Nxe5 Bxe5 14. a4 Rb8 15. axb5 Rxb5 16. b4 Bb7 17. Bf3 Qa8 18. Bxe7 Re8 19. Bh4 Bxd5 20. c4 Bxf3 21. cxb5 Be2 22. Qa3 Bxf1 23. Rxf1 axb5 24. Qd3 Qa4 25. Rb1 Rc8 26. Bg3 Qc2 27. Qf1 Rc4 28. Bxe5 dxe5 29. Qe1 Re4 30. Qf1 Qe2 31. Qxe2 Rxe2 32. Kf1 Re4 33. f3 Rc4 34. Kf2 f5 35. h4 Kf7 36. g3 Kf6 37. Ke3 h6 38. Kd3 g5 39. hxg5+ hxg5 40. Rb3 g4 41. fxg4 Rxg4 42. Ke2 Kg5 43. Kf3 Rc4 44. Rb2 Rc3+ 45. Kf2 Kg4 46. Re2 e4 47. Rd2 e3+ 0-1


[Site "https://www.chess.com"]

[Event "Titled Tuesday Blitz June 13 Late 2023"]
[White "Martinez, Ayelen"]
[Black "ArchibaldCerveza29"]
[WhiteFideId "118702"]
[WhiteElo "2074"]
[BlackElo "2457"]
[Result "0-1"]
[Round "10"]
[TimeControl "180+2"]
[Date "2023.06.13"]
[WhiteClock "0:00:00"]
[BlackClock "0:00:05"]
[Board "87"]

1. e4 e5 2. Nf3 Nc6 3. Bb5 g6 4. d4 exd4 5. c3 a6 6. Bc4 Bg7 7. Ng5 Nh6 8. O-O O-O 9. cxd4 Nxd4 10. Nc3 d6 11. Be3 Nc6 12. Nd5 Ne5 13. Bb3 Nhg4 14. Bf4 h6 15. Nf3 Nxf3+ 16. Qxf3 Ne5 17. Qg3 Be6 18. Rad1 Kh7 19. Bxe5 Bxe5 20. f4 Bg7 21. f5 Bxd5 22. Bxd5 Qg5 23. Qxg5 hxg5 24. f6 Bh6 25. g4 c6 26. Bb3 Rad8 27. Rf3 Rfe8 28. Bxf7 Rxe4 29. h3 Rf4 30. Re3 Bf8 31. Re6 d5 32. Be8 Rd6 33. Rxd6 Bxd6 34. f7 Kg7 35. Re1 Kf8 36. Re6 Bc5+ 37. Kg2 Kg7 38. h4 gxh4 39. Kh3 g5 40. Re5 Rf3+ 41. Kh2 Rf2+ 42. Kh1 Rf1+ 43. Kg2 Rf2+ 44. Kh1 Kf6 45. Re1 Kg7 46. Rc1 Be3 47. Re1 Rf3 48. Kg2 Rg3+ 49. Kh2 Kf8 50. Rf1 Bf4 51. Kh1 Rh3+ 52. Kg2 Rg3+ 53. Kh1 Rxg4 54. Re1 Rg3 55. Rd1 Re3 56. Rf1 h3 0-1


[Site "https://www.chess.com"]

[Event "Titled Tuesday Blitz June 13 Late 2023"]
[White "Ammar, Sedrani"]
[Black "Ricaurte Lopez, Juan Carlos"]
[WhiteFideId "9312331"]
[BlackFideId "3600327"]
[WhiteElo "2115"]
[BlackElo "2200"]
[Result "0-1"]
[Round "10"]
[TimeControl "180+2"]
[Date "2023.06.13"]
[WhiteClock "0:00:00"]
[BlackClock "0:00:27"]
[Board "88"]

1. Nf3 Nf6 2. g3 b6 3. Bg2 Bb7 4. O-O e6 5. b3 Be7 6. Bb2 O-O 7. c4 c5 8. Nc3 a6 9. Rc1 Qc7 10. Re1 d5 11. cxd5 exd5 12. d4 Rd8 13. dxc5 bxc5 14. Na4 Nbd7 15. Ba3 Qa5 16. Qd2 Qb5 17. Nc3 Qc6 18. Na4 Qb5 19. Qe3 Ne4 20. h4 Rac8 21. Rc2 d4 22. Qd3 Qc6 23. Nd2 f5 24. Nc4 Qg6 25. Rec1 Bf8 26. Nd2 Ne5 27. Bxe4 fxe4 0-1


[Site "https://www.chess.com"]

[Event "Titled Tuesday Blitz June 13 Late 2023"]
[White "Petersson, Kjell"]
[Black "Camilla_Lee"]
[WhiteFideId "1705148"]
[WhiteElo "2005"]
[BlackElo "2515"]
[Result "0-1"]
[Round "10"]
[TimeControl "180+2"]
[Date "2023.06.13"]
[WhiteClock "0:00:00"]
[BlackClock "0:00:29"]
[Board "89"]

1. d4 Nf6 2. Bf4 e6 3. e3 b6 4. Nf3 Bb7 5. Bd3 d5 6. Nbd2 Nbd7 7. Ne5 Nxe5 8. Bxe5 Nd7 9. Qg4 Nxe5 10. dxe5 Qd7 11. a4 a6 12. O-O g6 13. Rfd1 Bg7 14. Nf3 O-O 15. h4 h6 16. h5 g5 17. c3 Qe7 18. Bc2 f5 19. exf6 Rxf6 20. Nd4 Raf8 21. Rf1 e5 22. Nf3 Bc8 23. Qg3 Rd6 24. Bg6 e4 25. Qh2 exf3 26. gxf3 Rxf3 27. Rad1 Be5 28. Qg2 Qf6 29. Rd2 Bh3 30. Qh1 Bxf1 31. Kxf1 g4 32. Ke1 g3 33. Qf1 gxf2+ 34. Kd1 Bg3 35. Rd4 Rxe3 36. Rg4 Re1+ 37. Kc2 Rxf1 38. Bd3+ Kf8 39. Bxf1 Qe5 40. Bd3 Rf6 0-1


[Site "https://www.chess.com"]

[Event "Titled Tuesday Blitz June 13 Late 2023"]
[White "Balla, Tamas-Kristof"]
[Black "kiwibobo"]
[WhiteFideId "1208497"]
[WhiteElo "2334"]
[BlackElo "2310"]
[Result "0-1"]
[Round "10"]
[TimeControl "180+2"]
[Date "2023.06.13"]
[WhiteClock "0:00:00"]
[BlackClock "0:00:38"]
[Board "90"]

1. e4 e5 2. Nf3 Nc6 3. d4 exd4 4. Nxd4 Bc5 5. Nb3 Bb6 6. Nc3 Nf6 7. Qe2 O-O 8. Be3 Bxe3 9. Qxe3 d5 10. O-O-O Re8 11. Nxd5 Nxe4 12. f3 Nd6 13. Qf4 Be6 14. Bb5 Nxb5 15. Nb6 Qf6 16. Qxf6 gxf6 17. Nxa8 Rxa8 18. Rhe1 Nd6 19. Nd4 Nxd4 20. Rxd4 Kg7 21. g4 Rh8 22. h4 h5 23. g5 fxg5 24. hxg5 Kg6 25. f4 h4 26. b3 Kf5 0-1


[Site "https://www.chess.com"]

[Event "Titled Tuesday Blitz June 13 Late 2023"]
[White "Sala, Giulia"]
[Black "Jonkman, Harmen"]
[WhiteFideId "2840451"]
[BlackFideId "1002708"]
[WhiteElo "1769"]
[BlackElo "2368"]
[Result "1-0"]
[Round "10"]
[TimeControl "180+2"]
[Date "2023.06.13"]
[WhiteClock "0:00:27"]
[BlackClock "0:00:00"]
[Board "93"]

1. d4 d5 2. Bf4 c5 3. e3 Nc6 4. Nf3 Nf6 5. c3 Qb6 6. Qc2 Bf5 7. dxc5 Bxc2 8. cxb6 Bxb1 9. Rxb1 axb6 10. a3 e6 11. Bc7 Nd7 12. h3 Bc5 13. Bg3 Ke7 14. Bd3 Bd6 15. Bxd6+ Kxd6 16. O-O Nde5 17. Be2 Nxf3+ 18. Bxf3 Ne5 19. Be2 Rhc8 20. Rfd1 Rc5 21. Rd4 g5 22. e4 Kc7 23. exd5 Rxd5 24. Rxd5 exd5 25. Rd1 Rd8 26. Rd4 h6 27. h4 Nc6 28. Rd2 d4 29. cxd4 Nxd4 30. Kf1 gxh4 31. Bc4 f6 32. f3 Kc6 33. Kf2 Kc5 34. Ba2 Nc6 35. Rxd8 Nxd8 36. Ke3 Nc6 37. Ke4 Ne5 38. Be6 Kd6 39. Bb3 Ke7 40. Bd5 1-0


[Site "https://www.chess.com"]

[Event "Titled Tuesday Blitz June 13 Late 2023"]
[White "liwadas82"]
[Black "DampFalcon"]
[WhiteElo "2419"]
[BlackElo "2201"]
[Result "1-0"]
[Round "10"]
[TimeControl "180+2"]
[Date "2023.06.13"]
[WhiteClock "0:00:09"]
[BlackClock "0:00:18"]
[Board "94"]

1. e4 c5 2. Nf3 Nc6 3. d4 cxd4 4. Nxd4 g6 5. g3 Bg7 6. Ne2 Nf6 7. Bg2 d6 8. Nbc3 O-O 9. O-O Qa5 10. h3 Be6 11. Be3 Ne5 12. b3 Rac8 13. Nd5 Nxd5 14. exd5 Bf5 15. Nd4 Qc3 16. Rc1 Bd7 17. Re1 Be8 18. f4 Nd7 19. Nb5 Qa5 20. c4 a6 21. Nd4 Nc5 22. a4 b5 23. axb5 axb5 24. Nc6 Bxc6 25. dxc6 bxc4 26. Rxc4 Nd3 27. Re2 Nb2 28. Rxb2 Bxb2 29. Kh2 Bf6 30. b4 Qb5 31. Qd5 Qxd5 32. Bxd5 e6 33. Bf3 d5 34. Rc2 d4 35. Bf2 d3 36. Rd2 Rfd8 37. b5 Bc3 38. Rd1 Ba5 39. b6 Bxb6 40. Bxb6 Rd6 41. Be3 d2 42. Rxd2 Rdxc6 43. Bxc6 Rxc6 44. Kg2 Kg7 45. Kf3 h6 46. g4 Kf8 47. Bd4 Ke7 48. Ra2 Rd6 49. Ra7+ Ke8 50. Be5 Rc6 51. Ra8+ Kd7 52. Rh8 Ra6 53. Rxh6 Ra3+ 54. Kg2 Ra8 55. h4 Ke7 56. Rh8 Rxh8 57. Bxh8 f6 58. g5 f5 59. Bf6+ Kd6 60. Kf3 Kd5 61. Ke3 Kc4 62. Be5 Kd5 63. Kd3 Kc6 64. Kc4 Kd7 65. Kc5 Ke8 66. Kc6 Kf8 67. Kd6 Kf7 68. Kd7 Kg8 69. Kxe6 Kh7 70. Kf6 Kg8 71. Kxg6 Kf8 72. Kxf5 Kg8 73. h5 Kh7 74. Kg4 Kg8 75. f5 Kh7 76. h6 Kg8 77. Kh5 Kh7 78. g6+ Kg8 79. h7+ Kf8 80. h8=Q+ Ke7 81. Qf6+ Kd7 82. Qe6+ Kd8 83. Qf7 Kc8 84. Qc7# 1-0


[Site "https://www.chess.com"]

[Event "Titled Tuesday Blitz June 13 Late 2023"]
[White "KorolDimitriy75"]
[Black "Aung Thant Zin"]
[BlackFideId "13000063"]
[WhiteElo "2404"]
[BlackElo "2278"]
[Result "1-0"]
[Round "10"]
[TimeControl "180+2"]
[Date "2023.06.13"]
[WhiteClock "0:00:13"]
[BlackClock "0:00:00"]
[Board "95"]

1. d4 Nf6 2. c4 e6 3. Nc3 Bb4 4. Qc2 c5 5. dxc5 Na6 6. Nf3 Nxc5 7. Bd2 O-O 8. e3 b6 9. Be2 Bb7 10. O-O Bxc3 11. Bxc3 Nce4 12. Bb4 Re8 13. Rfd1 d5 14. cxd5 Bxd5 15. Rac1 Qc8 16. b3 Qb7 17. Qc7 Rac8 18. Qxb7 Bxb7 19. Bb5 Red8 20. Rxd8+ Rxd8 21. h3 Nd5 22. Be1 h6 23. Nd4 a6 24. Be2 Rc8 25. Rxc8+ Bxc8 26. Bd3 Nc5 27. Bb1 f6 28. Kf1 Kf7 29. Ke2 e5 30. Nf5 Bxf5 31. Bxf5 e4 32. f3 g6 33. Bc8 exf3+ 34. gxf3 a5 35. f4 f5 36. Bd2 Ne4 37. Be1 Ndf6 38. Bb7 Ke6 39. Ba6 Kd6 40. Bc4 Kc5 41. Bf7 g5 42. fxg5 hxg5 43. h4 g4 44. h5 Nd6 45. Bg6 Kd5 46. h6 Ke5 47. h7 Nxh7 48. Bxh7 Ne4 49. Bg8 f4 50. exf4+ Kxf4 51. Bd5 g3 52. Bxe4 Kxe4 53. Bxg3 Kd4 54. Bf2+ Kc3 55. Bxb6 Kb2 56. Bxa5 Kxa2 57. b4 Kb3 58. Kd3 Ka4 59. Kd4 Kb5 60. Kd5 Ka6 61. Kc4 Kb7 62. b5 Ka8 63. Kb4 Kb7 64. Kc5 Ka8 65. b6 Kb7 66. Bc3 Kb8 67. Bd4 Kb7 68. Be3 Kb8 69. Bf2 Kb7 70. Bg1 Kb8 71. Kc6 1-0


[Site "https://www.chess.com"]

[Event "Titled Tuesday Blitz June 13 Late 2023"]
[White "Florianovitz, Derlei Alex"]
[Black "Jimenez Garcia, Emmanuel"]
[WhiteFideId "2114178"]
[BlackFideId "6504779"]
[WhiteElo "1953"]
[BlackElo "2440"]
[Result "0-1"]
[Round "10"]
[TimeControl "180+2"]
[Date "2023.06.13"]
[WhiteClock "0:01:21"]
[BlackClock "0:02:08"]
[Board "96"]

1. e4 c5 2. Nf3 Qa5 3. c4 Nc6 4. Nc3 g6 5. d4 cxd4 6. Nxd4 Bg7 7. Be3 Nf6 8. Qd2 O-O 9. Be2 d6 10. O-O Bd7 11. Rac1 Rac8 12. Nxc6 Bxc6 13. Nd5 Qd8 14. f3 e6 15. Nxf6+ Qxf6 16. b3 b6 17. Qxd6 Rfd8 18. Qg3 Qb2 19. Rf2 Bd4 20. Bf1 Bxe3 0-1


[Site "https://www.chess.com"]

[Event "Titled Tuesday Blitz June 13 Late 2023"]
[White "Slavin, Alexey"]
[Black "Almedina Ortiz, Edgardo J."]
[WhiteFideId "24104388"]
[BlackFideId "3100197"]
[WhiteElo "2264"]
[BlackElo "2217"]
[Result "1-0"]
[Round "10"]
[TimeControl "180+2"]
[Date "2023.06.13"]
[WhiteClock "0:00:11"]
[BlackClock "0:00:00"]
[Board "97"]

1. e4 c5 2. g3 Nc6 3. Bg2 g6 4. Ne2 Bg7 5. O-O e6 6. Nbc3 Nge7 7. a3 O-O 8. Rb1 d6 9. b4 Qd7 10. d3 Rb8 11. Bd2 b6 12. Qc1 Re8 13. Bh6 Bh8 14. f4 f5 15. h3 Bb7 16. Kh2 Nd4 17. bxc5 dxc5 18. Nxd4 cxd4 19. Ne2 Rbc8 20. Qd2 Rc7 21. Rfc1 Rec8 22. Bg5 Nc6 23. e5 Na5 24. Rb4 Bxg2 25. Kxg2 Nc6 26. Rc4 b5 27. Rc5 Nb8 28. Rxc7 Rxc7 29. Qb4 Qd5+ 30. Kf2 Nc6 31. Qb3 Rd7 32. Rb1 a6 33. Ng1 Bg7 34. Nf3 Bf8 35. Bf6 Bc5 36. h4 Qxb3 37. cxb3 h6 38. b4 Bb6 39. Rc1 Rc7 40. h5 gxh5 41. Nh4 Nxb4 42. Rxc7 Nxd3+ 43. Ke2 Nxf4+ 44. gxf4 Bxc7 45. Kd3 Bb6 46. Nf3 Bc5 47. Nxd4 Bxa3 48. Nxe6 1-0


[Site "https://www.chess.com"]

[Event "Titled Tuesday Blitz June 13 Late 2023"]
[White "Castella Garcia, Fausto"]
[Black "Torres Dominguez, David"]
[WhiteFideId "3501922"]
[BlackFideId "2220857"]
[WhiteElo "2245"]
[BlackElo "1999"]
[Result "0-1"]
[Round "10"]
[TimeControl "180+2"]
[Date "2023.06.13"]
[WhiteClock "0:01:07"]
[BlackClock "0:01:13"]
[Board "98"]

1. e4 Nc6 2. Nf3 e5 3. Bb5 Nge7 4. Nc3 g6 5. d4 exd4 6. Nd5 Bg7 7. Bg5 h6 8. Bf6 Bxf6 9. Nxf6+ Kf8 10. Qd2 d5 11. Nxd4 dxe4 12. Bxc6 Nxc6 13. Nxc6 Qxf6 14. Nd4 Bg4 15. h3 Rd8 16. Qb4+ Kg7 17. c3 Bc8 18. O-O-O Qg5+ 19. Kb1 c5 20. h4 Qe5 21. f4 exf3 22. Qa5 b6 23. Qxa7 cxd4 0-1


[Site "https://www.chess.com"]

[Event "Titled Tuesday Blitz June 13 Late 2023"]
[White "Korpics, Zsolt"]
[Black "Dias, Joao Batista"]
[WhiteFideId "705241"]
[BlackFideId "2108240"]
[WhiteElo "2338"]
[BlackElo "1907"]
[Result "1-0"]
[Round "10"]
[TimeControl "180+2"]
[Date "2023.06.13"]
[WhiteClock "0:02:37"]
[BlackClock "0:02:39"]
[Board "99"]

1. e4 e6 2. d4 d5 3. Nc3 dxe4 4. Nxe4 Nf6 5. Nxf6+ Qxf6 6. Nf3 h6 7. Bd3 Bd6 8. O-O O-O 9. Re1 Nd7 10. Qe2 b6 11. Qe4 g6 12. Qxa8 Ba6 13. Qe4 Bxd3 14. Qxd3 Rd8 15. Bxh6 c5 16. Bg5 1-0


[Site "https://www.chess.com"]

[Event "Titled Tuesday Blitz June 13 Late 2023"]
[White "Srdanovic, Jovana"]
[Black "Gerbelli Neto, Eduardo"]
[WhiteFideId "954810"]
[BlackFideId "2103281"]
[WhiteElo "2155"]
[BlackElo "2178"]
[Result "1-0"]
[Round "10"]
[TimeControl "180+2"]
[Date "2023.06.13"]
[WhiteClock "0:00:07"]
[BlackClock "0:00:00"]
[Board "100"]

1. d4 d5 2. c4 c6 3. Nc3 Nf6 4. Nf3 e6 5. Bg5 dxc4 6. a4 Bb4 7. Bd2 Nbd7 8. e3 Bxc3 9. Bxc3 b5 10. axb5 cxb5 11. b3 Nb6 12. Ba5 O-O 13. bxc4 bxc4 14. Bxc4 Bb7 15. O-O Qe7 16. Be2 Ne4 17. Ne5 Nd5 18. Rc1 Rac8 19. Qb3 Ba8 20. Bf3 Ng5 21. Be2 Rb8 22. Qa2 Ne4 23. Bf3 Ndf6 24. Rc7 Qd6 25. Rxa7 Nc3 26. Bxc3 Bxf3 27. Nxf3 Ne4 28. Be1 Qb6 29. Ra6 Qb5 30. Ne5 Rfc8 31. Ra5 Qb7 32. f3 Nc3 33. Bxc3 Rxc3 34. Qf2 Qb3 35. Rc5 Rxc5 36. dxc5 Qc3 37. Nd7 Rb2 38. Qg3 Qxe3+ 39. Kh1 g6 40. c6 Qe2 41. Rg1 Qc2 42. Qe5 Rb1 43. Nf6+ Kf8 44. Qd6+ Kg7 45. Ne8+ Kg8 46. Nf6+ Kg7 47. Qd4 Rxg1+ 48. Kxg1 Qxc6 49. Nd7+ Kg8 50. Nf6+ Kg7 51. Ne8+ Kf8 52. Nd6 Qc1+ 53. Kf2 Qc2+ 54. Kg3 Qc1 55. Qh8+ Ke7 56. Ne4 Qc7+ 57. Kh3 1-0


[Site "https://www.chess.com"]

[Event "Titled Tuesday Blitz June 13 Late 2023"]
[White "Francisco_Ferrari"]
[Black "Lalanne, Pablo"]
[BlackFideId "112151"]
[WhiteElo "2321"]
[BlackElo "2120"]
[Result "1/2-1/2"]
[Round "10"]
[TimeControl "180+2"]
[Date "2023.06.13"]
[WhiteClock "0:00:03"]
[BlackClock "0:01:04"]
[Board "101"]

1. c4 Nf6 2. Nc3 e6 3. e4 d5 4. e5 d4 5. exf6 dxc3 6. bxc3 Qxf6 7. Nf3 c5 8. d4 cxd4 9. cxd4 Bb4+ 10. Bd2 Bxd2+ 11. Qxd2 O-O 12. Bd3 Nc6 13. O-O Rd8 14. Rad1 g6 15. Be4 Bd7 16. Rfe1 Rac8 17. Qe3 Na5 18. c5 Bc6 19. Ne5 Bxe4 20. Qxe4 Nc6 21. Nxc6 Rxc6 22. h3 Kg7 23. Re3 Rd5 24. Rf3 Rf5 25. Rxf5 Qxf5 26. Qxf5 gxf5 27. Kf1 Kf6 28. f4 b6 29. cxb6 Rxb6 30. d5 exd5 31. Rxd5 Rb1+ 32. Kf2 Rb2+ 33. Kg3 Rxa2 34. Rd6+ Kg7 35. Rd5 Kg6 36. Rd6+ f6 37. Rd7 h5 38. Rb7 a5 39. Ra7 a4 40. Kh2 h4 41. Kh1 a3 42. Kh2 Rf2 43. Rxa3 Rxf4 44. Ra8 Rb4 45. Rg8+ Kh6 46. Rh8+ Kg5 47. Rg8+ Kf4 48. Rg6 Ke5 49. Kg1 Rb2 50. Rh6 Rb4 51. Rg6 Rf4 52. Kh2 Rf1 53. Rg8 f4 54. Rg4 Rf2 55. Kg1 Ra2 56. Rxh4 f5 57. Rh8 f3 58. gxf3 Kf4 59. Rf8 Kg3 60. Rg8+ Kxf3 61. h4 f4 62. h5 Ra5 63. h6 Rh5 64. Rg6 Ke2 65. Re6+ Kf3 66. Rg6 Ke4 67. Kf2 Rh2+ 68. Kg1 Rh5 69. Kf2 Kf5 70. Ra6 Kg4 71. Rg6+ Kf5 72. Ra6 Ke4 73. Rg6 1/2-1/2


[Site "https://www.chess.com"]

[Event "Titled Tuesday Blitz June 13 Late 2023"]
[White "Slovineanu, Viacheslav"]
[Black "Buchenau, Frank"]
[WhiteFideId "13900510"]
[BlackFideId "4604350"]
[WhiteElo "2312"]
[BlackElo "2157"]
[Result "0-1"]
[Round "10"]
[TimeControl "180+2"]
[Date "2023.06.13"]
[WhiteClock "0:00:00"]
[BlackClock "0:00:10"]
[Board "102"]

1. d4 e6 2. Nf3 Nf6 3. c4 b6 4. e3 Bb7 5. Bd3 d5 6. b3 Bd6 7. O-O Nbd7 8. Nc3 O-O 9. Bb2 a6 10. Rc1 Qe7 11. a4 Ne4 12. a5 f5 13. axb6 cxb6 14. Na4 Rac8 15. Ne5 Bxe5 16. dxe5 dxc4 17. bxc4 Nec5 18. Bd4 Qg5 19. f3 Nxe5 20. Be2 Ned7 21. Rb1 e5 22. Bxc5 Nxc5 23. Nxc5 Qxe3+ 24. Kh1 Qxc5 25. Qb3 Rf6 26. Rfd1 e4 27. Rd7 Bc6 28. Ra7 exf3 29. Bxf3 Bxf3 30. Qxf3 Qxc4 31. Re1 Re6 32. Rd1 Rce8 33. h3 Re1+ 34. Kh2 Rxd1 35. Qxd1 Qf4+ 36. Kh1 Qe4 37. Qb3+ Qe6 38. Qf3 Qe1+ 39. Kh2 Qe5+ 40. Kh1 a5 41. Qb7 Qe1+ 42. Kh2 Qe5+ 43. Kh1 h6 44. Qxb6 Qe1+ 45. Kh2 Qe5+ 46. Kh1 Rc8 47. Qb3+ Kh8 0-1


[Site "https://www.chess.com"]

[Event "Titled Tuesday Blitz June 13 Late 2023"]
[White "Sarkar, Justin"]
[Black "Ozalp, Burak"]
[WhiteFideId "2010011"]
[BlackFideId "6314210"]
[WhiteElo "2151"]
[BlackElo "2106"]
[Result "0-1"]
[Round "10"]
[TimeControl "180+2"]
[Date "2023.06.13"]
[WhiteClock "0:00:00"]
[BlackClock "0:00:05"]
[Board "103"]

1. d4 Nf6 2. c4 g6 3. Nc3 Bg7 4. e4 d6 5. f3 O-O 6. Nge2 a6 7. Be3 Nc6 8. Rb1 Bd7 9. b4 e5 10. d5 Ne7 11. c5 Nh5 12. g4 Nf4 13. Nxf4 exf4 14. Bd4 f5 15. Bxg7 Kxg7 16. Qd4+ Kh6 17. exf5 Nxf5 18. gxf5 Qh4+ 19. Qf2 Rae8+ 20. Be2 Qf6 21. Rc1 Re3 22. Nd1 Re5 23. O-O Bxf5 24. Nc3 Bh3 25. Ne4 Qf7 26. Qh4+ Rh5 27. Qf2 Bxf1 28. Bxf1 Qxd5 29. cxd6 cxd6 30. Kh1 Re8 31. Rc7 Qe5 32. Qg1 d5 33. Rxb7 dxe4 34. fxe4 Qxe4+ 35. Bg2 f3 36. Qc1+ Rg5 0-1


[Site "https://www.chess.com"]

[Event "Titled Tuesday Blitz June 13 Late 2023"]
[White "Rodriguez Santiago, Jaime"]
[Black "Fernandez, Maria Florencia"]
[WhiteFideId "3100898"]
[BlackFideId "116459"]
[WhiteElo "2025"]
[BlackElo "2074"]
[Result "0-1"]
[Round "10"]
[TimeControl "180+2"]
[Date "2023.06.13"]
[WhiteClock "0:00:20"]
[BlackClock "0:00:52"]
[Board "104"]

1. c4 e5 2. Nc3 Nc6 3. g3 g6 4. Bg2 Bg7 5. e4 Nge7 6. Nge2 O-O 7. O-O d6 8. d3 f5 9. f4 Nd4 10. Nxd4 exd4 11. Ne2 Nc6 12. Rb1 Be6 13. b4 Qd7 14. b5 Nd8 15. Bb2 c5 16. bxc6 Nxc6 17. Ba3 Rfe8 18. Qa4 Re7 19. exf5 Bxf5 20. Nc1 Rf8 21. Rf2 Re1+ 22. Rf1 Qe7 23. Nb3 Qe3+ 24. Kh1 Rxb1 25. Rxb1 Bxd3 26. Rd1 Be4 0-1


[Site "https://www.chess.com"]

[Event "Titled Tuesday Blitz June 13 Late 2023"]
[White "Vila Dupla, Aurelio"]
[Black "el_sporco"]
[WhiteFideId "2203383"]
[WhiteElo "2009"]
[BlackElo "2359"]
[Result "0-1"]
[Round "10"]
[TimeControl "180+2"]
[Date "2023.06.13"]
[WhiteClock "0:00:00"]
[BlackClock "0:00:18"]
[Board "105"]

1. Nf3 Nf6 2. d4 e6 3. g3 d5 4. Bg2 Be7 5. O-O O-O 6. c4 dxc4 7. Ne5 Nc6 8. Nxc6 bxc6 9. Bxc6 Rb8 10. Na3 Bxa3 11. bxa3 Bb7 12. Bxb7 Rxb7 13. Bg5 Qd5 14. Bxf6 gxf6 15. e3 f5 16. Qc2 Rfb8 17. Rac1 Rb2 18. Qxc4 Qxc4 19. Rxc4 Rxa2 20. Ra4 Rb7 21. Kg2 Kg7 22. Ra6 Rab2 23. Rc1 R2b6 24. Ra5 Kf6 25. Kf3 Rb3 26. Rc2 Ke7 27. Kf4 f6 28. Ra6 R3b5 29. Rcc6 R5b6 30. a4 Kd7 31. d5 exd5 32. Rxf6 Rxa6 33. Rxa6 c5 34. g4 fxg4 35. e4 Rb4 36. Rxa7+ Kc6 37. Kxg4 Rxe4+ 38. Kf3 Rh4 39. Ra8 Rxh2 40. Rc8+ Kb6 41. a5+ Kb5 42. a6 Rh3+ 43. Ke2 Ra3 44. Rb8+ Kc4 45. Rb6 Ra2+ 46. Ke1 d4 47. Rd6 Kd3 0-1


[Site "https://www.chess.com"]

[Event "Titled Tuesday Blitz June 13 Late 2023"]
[White "Chemin, Justo Reinaldo"]
[Black "The_Straightforward_Rook"]
[WhiteFideId "2101580"]
[WhiteElo "1940"]
[BlackElo "2354"]
[Result "0-1"]
[Round "10"]
[TimeControl "180+2"]
[Date "2023.06.13"]
[WhiteClock "0:00:04"]
[BlackClock "0:01:06"]
[Board "106"]

1. d4 Nf6 2. c4 e6 3. Nf3 d5 4. Nc3 Nbd7 5. Bf4 c6 6. e3 Be7 7. h3 O-O 8. Bd3 dxc4 9. Bxc4 b5 10. Bd3 Bb7 11. Rc1 a6 12. O-O Qb6 13. e4 c5 14. d5 exd5 15. exd5 Bd6 16. Bg5 h6 17. Bxf6 Nxf6 18. Bb1 Rad8 19. Qd3 c4 20. Qf5 Rfe8 21. Rfe1 Bc8 22. Qc2 g6 23. Qd2 Kg7 24. Nd4 Bc5 25. Nc6 Qxc6 26. Rxe8 Nxe8 27. dxc6 Rxd2 28. Ne4 Rd5 29. b4 Bb6 30. a3 Nc7 31. Nc3 Rd2 32. Ne4 Re2 33. Kf1 Rb2 34. Nd6 Rxf2+ 35. Ke1 Be6 36. Rd1 Rb2 37. Ne4 Bd5 38. Nd6 Bxg2 39. Nc8 Bf2# 0-1


[Site "https://www.chess.com"]